Map: Neon Violet Square LE

Players

Morris

  • Race: Zerg Zerg
  • League: Diamond
  • Spawn Location: 5:00

ECLipse - Winner!

  • Race: Terran Terran
  • League: Diamond
  • Spawn Location: 11:00

VOD

Have the link to the VOD?

Description

Time

  • Played on: March 22, 2018, 8:16 a.m.
  • Length: 26:45
Show
View Real Time Build Order
Export as new Build Order

Morris Zerg 

Build Orders: Hatch First 

Get SALT Encoding   

  12  0:00  Drone  
  13  0:13  Overlord  
  13  0:18  Drone  
  14  0:31  Drone x2  
  14  0:35  Drone  
  17  0:52  Hatchery  
  17  0:56  Drone  
  17  1:00  Drone  
  18  1:10  Extractor  
  17  1:16  Spawning Pool  
  16  1:18  Drone  
  16  1:22  Drone  
  18  1:28  Drone  
  19  1:39  Overlord  
  19  1:50  Drone  
  20  2:03  Queen  
  20  2:04  Queen  
  20  2:05  Zergling x2  
  20  2:06  Zergling x2  
  26  2:11  Drone  
  26  2:13  Metabolic Boost  
  27  2:17  Drone  
  28  2:23  Drone  
  28  2:27  Drone  
  30  2:34  Drone  
  30  2:36  Overlord  
  31  2:44  Drone  
  32  2:48  Drone  
  33  2:55  Hatchery  
  33  2:57  Drone  
  33  3:00  Queen  
  33  3:04  Drone  
  36  3:07  Drone  
  36  3:09  Drone  
  38  3:14  Drone  
  38  3:15  Drone x2  
  38  3:18  Overlord  
  41  3:26  Drone x3  
  44  3:35  Overlord  
  44  3:40  Drone x2  
  46  3:42  Overlord  
  46  3:45  Drone x3  
  46  3:48  Extractor  
  48  3:51  Drone, Evolution Chamber  
  48  3:52  Evolution Chamber  
  48  3:55  Zergling x2  
  48  4:04  Drone  
  48  4:07  Zergling x4  
  51  4:15  Drone  
  51  4:16  Zergling x6  
  55  4:23  Drone  
  55  4:24  Drone  
  56  4:29  Overlord  
  56  4:30  Overlord  
  57  4:31  Drone x4, Queen x2  
  64  4:44  Zergling x2  
  65  4:47  Overlord x2  
  65  4:48  Queen  
  67  4:53  Overlord  
  67  4:56  Overlord  
  67  4:58  Zerg Ground Armor Level 1  
  67  5:00  Drone x3  
  70  5:12  Drone x3  
  73  5:14  Drone  
  73  5:15  Drone  
  73  5:17  Extractor  
  73  5:18  Zergling x6  
  73  5:19  Zergling x2  
  78  5:23  Drone x2  
  78  5:25  Roach Warren  
  78  5:26  Drone  
  82  5:28  Zergling x6  
  82  5:35  Drone x2  
  85  5:37  Extractor  
  85  5:39  Extractor  
  78  5:43  Drone x3  
  78  5:44  Zergling x4  
  83  5:52  Zergling x2  
  83  5:53  Zergling x8  
  88  5:58  Drone x2  
  88  5:59  Drone x2  
  88  6:04  Drone x2, Spine Crawler  
  93  6:06  Spine Crawler  
  92  6:12  Zerg Missile Weapons Level 1  
  92  6:13  Roach x5  
  92  6:14  Overlord  
  102  6:19  Zergling x4  
  102  6:20  Overlord  
  102  6:23  Extractor  
  102  6:24  Drone x2  
  105  6:28  Hatchery  
  105  6:30  Overlord x3  
  102  6:36  Overlord  
  102  6:37  Drone x2  
  102  6:39  Lair  
  102  6:45  Drone x2  
  102  6:46  Drone  
  105  6:52  Overlord  
  105  6:54  Drone x4  
  105  6:55  Drone  
  105  7:00  Roach x3, Extractor  
  115  7:03  Extractor  
  114  7:17  Baneling Nest, Roach  
  114  7:18  Roach x4  
  114  7:20  Overlord  
  123  7:35  Roach  
  123  7:36  Roach x5  
  123  7:37  Overlord  
  135  7:38  Overseer  
  135  7:39  Roach  
  135  7:40  Roach x2  
  135  7:41  Overlord  
  141  7:47  Roach x4  
  141  7:51  Queen  
  151  7:56  Drone x7  
  151  7:58  Overlord  
  158  8:05  Glial Reconstitution  
  158  8:08  Drone  
  158  8:09  Drone x2  
  158  8:10  Hydralisk Den  
  158  8:12  Spire, Drone x4  
  163  8:14  Spire  
  163  8:15  Drone  
  163  8:21  Roach x5  
  173  8:28  Roach  
  173  8:30  Zerg Missile Weapons Level 2  
  173  8:31  Zerg Ground Armor Level 2  
  175  8:38  Hydralisk x4  
  183  8:43  Overlord  
  183  8:56  Grooved Spines  
  183  8:59  Zergling x30  
  198  9:03  Overlord  
  198  9:09  Infestation Pit  
  197  9:13  Hydralisk  
  199  9:28  Zerg Flyer Weapons Level 1  
  199  9:38  Centrifical Hooks  
  187  9:41  Baneling x2  
  187  9:42  Baneling x28  
  187  9:43  Overlord, Baneling  
  187  9:46  Hatchery  
  187  9:47  Hatchery  
  185  9:53  Drone x2, Spine Crawler  
  185  9:54  Drone  
  185  9:55  Spine Crawler x2  
  185  9:59  Overlord x2  
  185  10:06  Hive  
  185  10:11  Burrow  
  185  10:12  Hydralisk  
  187  10:17  Overlord  
  186  10:22  Overlord x2  
  186  10:31  Zergling x2  
  186  10:32  Zergling x24  
  196  10:48  Hydralisk x2  
  196  10:49  Hydralisk x14  
  200  10:54  Overlord x3  
  200  10:56  Hydralisk x5  
  170  11:01  Overlord  
  156  11:06  Hydralisk  
  156  11:07  Hydralisk x3  
  164  11:16  Hydralisk x3  
  168  11:28  Baneling x5  
  168  11:29  Overlord x2  
  168  11:31  Hydralisk x5  
  175  11:35  Overlord  
  175  11:36  Hydralisk x3  
  179  11:43  Overlord x2  
  176  11:47  Viper, Overlord  
  178  11:58  Overlord  
  178  12:00  Greater Spire  
  178  12:01  Overlord x2  
  168  12:12  Hydralisk x7  
  168  12:13  Hydralisk x2  
  158  12:23  Zergling x24  
  158  12:26  Overlord  
  158  12:28  Queen  
  172  12:34  Overseer  
  172  12:42  Overlord  
  172  12:44  Corruptor x4  
  172  12:45  Corruptor  
  182  12:54  Drone x2  
  182  12:55  Drone  
  185  12:58  Extractor  
  185  12:59  Extractor  
  185  13:04  Baneling x10  
  178  13:13  Overlord, Corruptor x4  
  178  13:16  Overlord  
  178  13:18  Overlord  
  184  13:35  Overlord  
  184  13:37  Hatchery  
  184  13:41  Corruptor x2  
  178  13:44  Brood Lord x2  
  178  13:45  Brood Lord  
  188  13:52  Drone  
  189  14:02  Corruptor  
  189  14:03  Corruptor  
  189  14:04  Zergling x2  
  189  14:05  Zergling x12  
  190  14:17  Brood Lord x3  
  190  14:18  Brood Lord  
  196  14:29  Overlord  
  196  14:30  Overlord  
  196  14:31  Overseer  
  196  14:32  Queen x2  
  196  14:53  Zerg Ground Armor Level 3  
  196  14:54  Zerg Missile Weapons Level 3  
  196  15:04  Overlord  
  190  15:14  Baneling x2  
  190  15:19  Overlord  
  190  15:34  Overlord  
  189  15:41  Zerg Flyer Weapons Level 2  
  189  15:42  Zerg Flyer Armor Level 1  
  187  15:48  Hydralisk x9  
  187  16:09  Overlord  
  187  16:23  Spine Crawler x3  
  187  16:24  Brood Lord x6  
  187  16:25  Hydralisk x2  
  200  16:38  Overlord x2  
  198  16:49  Hydralisk x3  
  198  16:50  Hydralisk  
  198  16:53  Hatchery  
  194  16:56  Hatchery  
  194  17:00  Hatchery  
  192  17:02  Spine Crawler  
  192  17:03  Spine Crawler  
  192  17:04  Spine Crawler  
  189  17:11  Queen  
  189  17:12  Queen x2, Hatchery  
  186  17:27  Overlord  
  176  17:37  Overlord  
  176  17:49  Overlord  
  141  18:09  Overlord  
  121  18:41  Overlord  
  117  18:42  Drone x4  
  117  18:43  Drone x8  
  117  18:48  Drone  
  130  19:03  Queen  
  128  19:17  Overlord  
  128  19:19  Drone x5  
  133  19:31  Overlord  
  133  19:35  Zergling x6  
  133  19:36  Zergling x2  
  137  19:39  Overlord  
  137  19:41  Drone  
  132  20:15  Overlord, Hatchery  
  132  20:17  Extractor  
  132  20:18  Extractor  
  132  20:19  Drone  
  122  20:24  Overlord  
  110  20:30  Overlord  
  110  20:55  Overlord x2  
  97  21:07  Zergling x18  
  102  21:30  Hydralisk x4  
  92  21:55  Hydralisk x2  
  82  22:18  Overlord  
  58  22:42  Overlord  
  58  22:52  Overlord  
  54  23:29  Corruptor  
  54  23:40  Corruptor  
  52  24:18  Drone x7  
  52  24:19  Drone x4  
  48  25:15  Drone x13  
  48  25:41  Drone x12  
  33  26:20  Spore Crawler  
Show
View Real Time Build Order
Export as new Build Order

ECLipse Terran - Winner!

Build Orders: Reaper Expand, Mech 

Get SALT Encoding   

  12  0:01  SCV  
  13  0:13  SCV  
  14  0:19  Supply Depot  
  14  0:25  SCV  
  15  0:30  Refinery  
  15  0:42  Barracks  
  15  0:48  SCV  
  16  1:00  SCV  
  17  1:12  SCV  
  18  1:29  Orbital Command  
  18  1:30  Reaper  
  19  1:43  Command Center  
  19  1:55  Factory  
  19  2:00  SCV  
  20  2:10  Supply Depot, Barracks Reactor  
  20  2:13  SCV  
  21  2:18  Refinery  
  21  2:25  SCV  
  22  2:37  SCV  
  23  2:49  SCV  
  24  2:57  Orbital Command  
  24  2:59  Hellion x2  
  24  3:01  SCV  
  29  3:07  Starport  
  29  3:14  SCV  
  30  3:21  Supply Depot  
  30  3:23  Hellion  
  30  3:24  Hellion  
  30  3:26  SCV  
  35  3:28  SCV  
  36  3:38  SCV  
  36  3:40  SCV  
  38  3:42  Factory  
  38  3:43  Supply Depot  
  38  3:48  Viking  
  40  3:50  SCV  
  40  3:54  SCV  
  42  4:02  Hellion  
  44  4:05  Supply Depot, Hellion  
  44  4:06  SCV  
  48  4:10  SCV  
  48  4:18  SCV  
  48  4:22  SCV  
  50  4:30  Starport Reactor, SCV  
  51  4:32  Factory Tech Lab  
  51  4:33  Hellion x2  
  51  4:35  SCV  
  56  4:42  SCV  
  57  4:47  SCV  
  57  4:49  Armory  
  58  4:54  SCV  
  58  4:59  Command Center, Siege Tank, SCV  
  63  5:00  Hellion  
  65  5:13  SCV x2  
  67  5:20  Supply Depot  
  67  5:21  Refinery  
  67  5:22  Refinery, Supply Depot  
  67  5:25  SCV  
  67  5:26  Hellion  
  70  5:42  Hellion  
  72  5:45  SCV  
  72  5:46  Siege Tank  
  72  5:48  Hellion  
  78  6:04  Factory, Hellion  
  80  6:05  Terran Vehicle Weapons Level 1, Factory  
  80  6:11  SCV x2  
  80  6:12  Engineering Bay  
  80  6:14  Orbital Command  
  82  6:18  Refinery, Siege Tank  
  82  6:23  SCV  
  82  6:25  SCV  
  87  6:27  Supply Depot x2  
  87  6:30  Supply Depot  
  89  6:32  Hellion  
  89  6:39  SCV x2  
  89  6:42  SCV  
  90  6:50  Factory Tech Lab  
  90  6:51  Siege Tank, SCV x2  
  95  6:56  Refinery, SCV  
  95  6:58  Factory Tech Lab  
  95  7:00  Missile Turret  
  96  7:02  Missile Turret  
  96  7:03  SCV x2  
  96  7:05  Missile Turret  
  96  7:08  SCV  
  99  7:09  Cyclone x2  
  99  7:11  Viking  
  99  7:15  SCV  
  108  7:19  SCV  
  109  7:22  Thor  
  109  7:28  Siege Tank  
  118  7:30  SCV  
  118  7:35  Missile Turret  
  118  7:36  Missile Turret  
  119  7:39  SCV  
  119  7:40  SCV  
  119  7:42  SCV  
  122  7:51  SCV  
  122  7:56  SCV  
  122  7:57  SCV  
  125  8:05  Infernal Pre-Igniter  
  125  8:11  Supply Depot  
  125  8:13  Supply Depot  
  125  8:14  Supply Depot  
  125  8:16  Supply Depot  
  125  8:21  Command Center  
  125  8:28  Terran Vehicle Weapons Level 2  
  125  8:32  Thor, SCV  
  125  8:33  Armory  
  132  8:34  Siege Tank, Thor  
  141  8:45  Sensor Tower, SCV x2  
  143  8:51  Command Center  
  143  8:52  Viking  
  145  9:06  Thor  
  145  9:07  Hellion  
  145  9:09  Missile Turret  
  153  9:15  Siege Tank  
  153  9:16  SCV  
  157  9:26  Command Center  
  157  9:28  Supply Depot x2  
  157  9:32  Thor  
  163  9:47  Supply Depot, Thor  
  163  9:48  Supply Depot  
  163  9:52  Thor, Hellion x2  
  173  9:57  Terran Vehicle And Ship Armor Level 1  
  179  10:15  Siege Tank  
  146  10:51  Hellion x4  
  146  10:52  Hellion  
  119  11:11  Factory  
  119  11:12  Factory, Thor, Hellion x2  
  119  11:13  Hellion x2  
  119  11:14  Orbital Command  
  119  11:16  Terran Vehicle Weapons Level 3  
  119  11:17  Factory  
  133  11:25  Planetary Fortress  
  133  11:26  Planetary Fortress  
  129  11:33  Thor  
  129  11:34  Hellion x3  
  129  11:38  SCV x2  
  135  11:52  Viking x2  
  137  11:55  SCV  
  137  11:59  SCV x3  
  135  12:02  Missile Turret  
  135  12:04  Hellion x2  
  135  12:05  Hellion  
  120  12:17  Siege Tank  
  120  12:18  Siege Tank  
  120  12:19  Siege Tank  
  120  12:22  Factory Reactor  
  124  12:23  Factory Tech Lab  
  124  12:26  Terran Vehicle And Ship Armor Level 2  
  124  12:31  Viking x2  
  124  12:33  SCV  
  124  12:34  SCV  
  130  12:39  Factory Tech Lab  
  130  12:44  SCV x2  
  132  12:46  Siege Tank, SCV x2  
  132  12:47  Factory Reactor  
  132  12:50  Siege Tank, Hellion  
  144  12:51  Hellion  
  144  12:56  SCV  
  145  13:00  Thor  
  145  13:02  SCV  
  145  13:04  Refinery  
  152  13:05  Refinery  
  152  13:11  Thor  
  158  13:15  Thor  
  164  13:37  Command Center  
  154  13:42  SCV x2  
  154  13:43  SCV x2  
  158  13:52  Supply Depot  
  158  13:54  Supply Depot  
  158  14:08  Siege Tank  
  158  14:09  Siege Tank x2  
  167  14:13  Factory Tech Lab  
  167  14:25  Viking x2  
  171  14:47  Hellion x13  
  171  14:57  Fusion Core  
  171  14:59  Planetary Fortress, Starport  
  171  15:01  Starport  
  171  15:02  Missile Turret  
  171  15:33  SCV  
  165  15:39  Supply Depot  
  165  15:41  Supply Depot  
  164  15:45  SCV  
  164  15:46  Viking x3  
  167  16:07  Viking  
  169  16:16  Viking x2  
  166  16:40  Orbital Command  
  162  16:52  Hellion x10  
  162  16:53  Hellion  
  162  16:55  Viking  
  162  16:56  Viking x2  
  162  17:00  Command Center  
  163  17:11  Command Center  
  148  17:28  Viking  
  148  17:29  Viking x3  
  137  17:58  Viking  
  137  17:59  Viking x3  
  132  18:28  Viking  
  132  18:29  Viking x3  
  140  18:46  Refinery  
  140  18:47  Refinery  
  140  18:48  Starport x2  
  129  19:43  Starport Reactor x2  
  129  19:47  Supply Depot  
  129  19:49  Orbital Command, Supply Depot  
  129  19:53  Supply Depot x2  
  129  19:55  Supply Depot  
  129  19:58  Orbital Command  
  119  20:35  Starport Tech Lab  
  119  20:36  Starport Tech Lab  
  119  20:44  Starport Tech Lab  
  86  22:13  Orbital Command  
  189  22:22  Orbital Command  
  73  23:00  Orbital Command  
  71  23:28  Orbital Command  
Tags
 
Add a new tag
Caveats
  • Supply blocks, unpowered buildings, or Contaminate may cause inaccurate times.
  • Supply counts are checked every 10 seconds.